 Dungeon Sprint DCSS version 0.31-a0-636-ge1c0e020e0 (webtiles) character file.

Game seed: 9010544039890257359

53236 Conn the Scorcher (level 14, -19/83 HPs)
             Began as an Octopode Fire Elementalist on Aug 26, 2023.
             Was a High Priest of Sif Muna.
             Engulfed by a cloud of flame (25 damage)
             ... in the Dungeon (Sprint I: "Red Sonja").
             The game lasted 01:15:49 (6791 turns).

Conn the Scorcher (Octopode Fire Elementalist)      Turns: 6791, Time: 01:15:49

Health: -19/83     AC:  1    Str:  9    XL:     14   Next: 67%
Magic:  28/45      EV: 15    Int: 38    God:    Sif Muna [*****.]
Gold:   479        SH:  0    Dex: 13    Spells: 6/50 levels left

rFire   . . .        l - staff of fire
rCold   + . .        (no shield)
rNeg    + . .        (helmet restricted)
rPois   +            g - amulet of regeneration
rElec   .            p - ring "Giyrpha" {rC+ rN+ Str+2}
rCorr   .            q - ring of poison resistance
SInv    .            r - +6 ring of intelligence
Will    ++...        t - +6 ring of intelligence
Stlth   ++           u - ring of willpower
HPRegen 1.13/turn    w - ring of magical power
MPRegen 0.29/turn    v - ring of wizardry
                     A - +6 ring of intelligence

%: no teleportation, wizardry (x1)
@: on blink cooldown
A: almost no armour, amphibious, 8 rings, camouflage 1, gelatinous body 1,
(nimble swimmer 1), tentacles, dopey 1, heat vulnerability 1, subdued magic 1
0: Orb of Zot
a: Renounce Religion, Channel Magic, Forget Spell, Divine Exegesis


You were in the Dungeon.
You worshipped Sif Muna.
Sif Muna was extremely pleased with you.
You visited 1 branch You collected 5278 gold pieces.
You spent 4799 gold pieces at shops.

Inventory:

Hand Weapons
 h - a +2 heavy dagger
 n - the +7 captain's cutlass {speed, disarm}
   (You found it in the Dungeon)
 y - the +8 falchion of Magnificence {venom, rCorr Int+2}
   (You bought it in a shop in the Dungeon)

   Int+2:     It affects your intelligence (+2).
   rCorr:     It protects you from acid and corrosion.
 G - the +8 long sword of Patoot {protect, rC+ rCorr SInv}
   (You found it in the Dungeon)

   rC+:       It protects you from cold.
   SInv:      It lets you see invisible.
   rCorr:     It protects you from acid and corrosion.
Missiles
 i - a curare-tipped dart (quivered)
 o - 2 darts of dispersal
Armour
 E - a +0 tower shield
Magical Staves
 e - a staff of air
 l - a staff of fire (weapon)
Jewellery
 g - an amulet of regeneration (around mantle)
 p - the ring "Giyrpha" (left tentacle) {rC+ rN+ Str+2}
   (You bought it in a shop in the Dungeon)

   [ring of positive energy]

   Str+2:     It affects your strength (+2).
   rC+:       It protects you from cold.
   rN+:       It protects you from negative energy.
 q - a ring of poison resistance (right tentacle)
 r - a +6 ring of intelligence (on tentacle)
 t - a +6 ring of intelligence (on tentacle)
 u - a ring of willpower (on tentacle)
 v - a ring of wizardry (on tentacle)
 w - a ring of magical power (on tentacle)
 A - a +6 ring of intelligence (on tentacle)
 B - a ring of positive energy
Wands
 d - a wand of paralysis (8)
 j - a wand of polymorph (7)
 s - a wand of digging (17)
 D - a wand of quicksilver (4)
Potions
 a - a potion of magic
 b - 3 potions of curing
 x - a potion of cancellation
 z - a potion of haste
Miscellaneous
 m - a lightning rod (4/4)


   Skills:
 - Level 3.0 Fighting
 - Level 0.3 Staves
 - Level 2.9 Throwing
 - Level 5.9 Dodging
 - Level 6.8 Stealth
 * Level 4.9 Shields
 + Level 18.5 Spellcasting
 + Level 13.6 Conjurations
 - Level 3.0 Hexes
 + Level 8.6 Summonings
 - Level 1.2 Translocations
 - Level 18.9 Fire Magic
 + Level 1.9 Ice Magic
 - Level 8.5 Air Magic
 - Level 17.1 Invocations


You had 6 spell levels left.
You knew the following spells:

 Your Spells              Type           Power      Damage    Failure   Level
a - Foxfire               Conj/Fire      100%       2x1d9     0%          1
b - Scorch                Fire           100%       2d9       0%          2
c - Orb of Destruction    Conj           41%        9d11      1%          7
d - Hailstorm             Conj/Ice       64%        3d14      1%          3
e - Summon Forest         Summ/Tloc      27%        N/A       1%          5
f - Fireball              Conj/Fire      55%        3d21      0%          5
h - Plasma Beam           Fire/Air       51%        2x1d66    1%          6
i - Swiftness             Air            67%        N/A       1%          3
j - Blink                 Tloc           68%        N/A       1%          2
k - Summon Guardian Gole  Hex/Summ       57%        N/A       1%          3
l - Mephitic Cloud        Conj/Pois/Air  63%        N/A       1%          3
m - Iskenderun's Mystic   Conj/Tloc      63%        2d13      1%          4

Your spell library contained the following spells:

 Spells                   Type           Power      Damage    Failure   Level
 Call Imp                 Summ           100%       N/A       0%          2
 Static Discharge         Conj/Air       100%       2-7/arc   0%          2
 Inner Flame              Hex/Fire       95%        N/A       0%          3
 Volatile Blastmotes      Fire/Tloc      100%       2d18      0%          3
 Flame Wave               Conj/Fire      100%       2d21      0%          4
 Sticky Flame             Conj/Fire      100%       2d11      0%          4
 Apportation              Tloc           68%        N/A       1%          1
 Kiss of Death            Conj/Necr      100%       2d13      1%          1
 Sandblast                Erth           54%        2d13      1%          1
 Sting                    Tmut/Pois      100%       1d8       1%          1
 Cigotuvi's Dreadful Rot  Necr/Pois/Air  86%        N/A       1%          2
 Ensorcelled Hibernation  Hex/Ice        82%        N/A       1%          2
 Lesser Beckoning         Tloc           68%        N/A       1%          2
 Momentum Strike          Conj/Tloc      100%       3d10      1%          2
 Dazzling Flash           Conj/Hex       100%       N/A       1%          3
 Gell's Gravitas          Tloc           34%        N/A       1%          3
 Ignite Poison            Fire/Tmut/Pois 77%        N/A       1%          3
 Stone Arrow              Conj/Erth      100%       3d13      1%          3
 Teleport Other           Tloc           34%        N/A       1%          3
 Vhi's Electric Charge    Tloc/Air       100%       N/A       1%          3
 Leda's Liquefaction      Hex/Erth       17%        N/A       1%          4
 Passage of Golubria      Tloc           34%        N/A       1%          4
 Summon Ice Beast         Ice/Summ       55%        N/A       1%          4
 Summon Lightning Spire   Summ/Air       67%        N/A       1%          4
 Arcjolt                  Conj/Air       37%        1d47      1%          5
 Irradiate                Conj/Tmut      30%        3d21      1%          5
 Iskenderun's Battlesphe  Conj           82%        2d13      1%          5
 Silence                  Hex/Air        28%        N/A       1%          5
 Summon Mana Viper        Hex/Summ       57%        N/A       1%          5
 Conjure Ball Lightning   Conj/Air       37%        3x3d12    1%          6
 Starburst                Conj/Fire      55%        6d15      1%          6
 Olgreb's Toxic Radiance  Pois           27%        N/A       2%          4
 Metabolic Englaciation   Hex/Ice        20%        N/A       2%          5
 Leda's Unmaking          Conj/Erth      30%        9d5       2%          6
 Alistair's Intoxication  Tmut/Pois      18%        N/A       9%          5
 Lee's Rapid Deconstruct  Erth           13%        3d9*      9%          5
 Spellforged Servitor     Conj/Summ      37%        N/A       2%          7
 Summon Hydra             Summ           33%        N/A       7%          7
 Malign Gateway           Summ/Tloc      27%        N/A       32%         7
 Fire Storm               Conj/Fire      55%        8d14      34%         9
 Lehudib's Crystal Spear  Conj/Erth      30%        10d8      73%         8
 Shatter                  Erth           13%        3d14*     100%        9


Dungeon Overview and Level Annotations

Branches:
Dungeon (1/1)

Altars:
Cheibriados
Dithmenos
Elyvilon
Fedhas
Gozag
Hepliaklqana
Kikubaaqudgha
Makhleb
Nemelex Xobeh
Okawaru
Qazlal
Ru
Sif Muna
Trog
Uskayaw
Vehumet
Wu Jian
Xom
Yredelemnul
Zin
The Shining One
Jiyva
Lugonu

Shops:
D [[![*[(:(*?=***:=!([(*

Annotations:
D Lom Lobon


Innate Abilities, Weirdness & Mutations

You cannot wear most types of armour.
You are amphibious.
You can wear up to eight rings at the same time.
Your skin changes colour to match your surroundings (Stealth+).
Your rubbery body absorbs attacks. (AC +1, EV +1)
((You are camouflaged when in or above water. (Stealth+)))
You have tentacles for arms and can constrict up to eight enemies at once.
You are dopey. (Int -2)
You are vulnerable to heat. (rF-)
Your spells are a little easier to cast, but a little less powerful.


Message History

Attasa is heavily wounded.
Attasa is knocked back by the mystic blast.
Your life force feels restored.
You feel yourself speed up.
Attasa is engulfed in blazing flames.
Your fire vortex hits Attasa.
Your fire vortex burns Attasa!
Attasa completely resists.
Your fire vortex dissipates!
Attasa hits you but does no damage.
Casting: Iskenderun's Mystic Blast (safe; 1% risk of failure)
Confirm with . or Enter, or press ? or * to list all spells.
Okay, then.
Casting: Iskenderun's Mystic Blast (safe; 1% risk of failure)
Confirm with . or Enter, or press ? or * to list all spells.
You erupt in a blast of force!
The mystic blast hits Attasa!
Attasa is severely wounded.
Attasa is knocked back by the mystic blast.
Attasa collides with your fire vortex!
Your fire vortex is moderately damaged.
Attasa is severely wounded.
Casting: Iskenderun's Mystic Blast (safe; 1% risk of failure)
Confirm with . or Enter, or press ? or * to list all spells.
Okay, then.
Magic courses through your body.
Casting: Iskenderun's Mystic Blast (safe; 1% risk of failure)
Confirm with . or Enter, or press ? or * to list all spells.
You erupt in a blast of force!
The mystic blast hits Attasa!
Attasa is severely wounded.
Attasa is knocked back by the mystic blast.
Casting: Iskenderun's Mystic Blast (safe; 1% risk of failure)
Confirm with . or Enter, or press ? or * to list all spells.
Okay, then.
Unknown command.
Unknown command.
Your magical effects are unravelling.
You feel magically purged.
You feel less wooden.
You feel yourself slow down.
Casting: Iskenderun's Mystic Blast (safe; 1% risk of failure)
Confirm with . or Enter, or press ? or * to list all spells.
You blink.
You are engulfed in blazing flames.
You die...

['.....'.∩##.#.°####..###...#.)).
.###########.##'#..#).#.###.#.≈..
###......§##.##.#.........#.###..
#.#........'§####.........#.#.'..
..#'''######§#..'......####'#.##'
..#....§.§§#§#####○○.###....#^#~~
###.....§§#'§#..v#####.))####..~~
......§.§§####...°.v)†.###....#~~
......§.§~##)§..@vv#####○°°°####~
.....§§§~###.[&[.v## ..°°°.°#..#'
#..~~~~### #.....## ...°..°#...#
'######'####.....# °^^○°°○#....
########∩∩##.#########...○..#....
∩∩∩∩∩∩∩∩∩###≈≈≈≈)≈≈≈.#..^°○.#####
########## #.#########○○°°.^'.)#.
#.....'.^..°°°○.^#))'%
################ #####


You could see Attasa and 5 friendly fire vortices.

Vanquished Creatures
  the Lernaean hydra (D)
  A golden dragon (D)
  A Tzitzimitl (D)
  A deep elf master archer (D)
  4 fire giants (D)
  A daeva (D)
  A deep elf annihilator (D)
  A mummy priest (D)
  A hydra (D)
  2 centaur warriors (D)
  4 demonic crawlers (D)
  3 hell hogs (D)
  Sonja (D)
  A deep troll (D)
  A lindwurm (D)
  2 oklob plants (D)
  2 merfolk sirens (D)
  8 shining eyes (D)
  2 gargoyles (D)
  An orange demon (D)
  2 kobold demonologists (D)
  7 unseen horrors (D)
  A meliai (D)
  A hellwing (D)
  5 hornets (D)
  A slime creature (D)
  Sigmund (D)
  12 hogs (D)
  A yak (D)
  2 redbacks (D)
  A large abomination (D)
  7 floating eyes (D)
  An ogre (D)
  7 necrophages (D)
  8 jellies (D)
  Ijyb (D)
97 creatures vanquished.

Vanquished Creatures (collateral kills)
  Tiamat (D)
  A lorocyproca (D)
2 creatures vanquished.

Vanquished Creatures (others)
  A hog (D)
  A ball lightning (D)
  2 ballistomycete spores (D)
  A fire vortex (D)
  95 foxfires (D)
100 creatures vanquished.

Grand Total: 199 creatures vanquished

Notes
Turn   | Place    | Note
-------+----------+-------------------------------------------
     0 | D        | Conn the Octopode Fire Elementalist began the quest for the
                  | Orb.
     0 | D        | Reached XP level 1. HP: 11/11 MP: 3/3
     1 | D        | Noticed Ijyb
    12 | D        | Killed Ijyb
    13 | D        | Reached skill level 5 in Fire Magic
    13 | D        | Reached XP level 2. HP: 18/18 MP: 0/6
    70 | D        | Learned a level 2 spell: Scorch
    77 | D        | Noticed an ogre
    82 | D        | Killed an ogre
    83 | D        | Reached XP level 3. HP: 22/22 MP: 0/8
    83 | D        | Reached XP level 4. HP: 27/27 MP: 0/10
    96 | D        | Learned a level 3 spell: Inner Flame
   101 | D        | Learned a level 4 spell: Flame Wave
   163 | D        | Noticed Sigmund
   167 | D        | Killed Sigmund
   168 | D        | Reached skill level 1 in Fighting
   168 | D        | Reached skill level 5 in Stealth
   168 | D        | Reached XP level 5. HP: 26/33 MP: 4/13
   168 | D        | Reached XP level 6. HP: 30/38 MP: 4/15
   248 | D        | Learned a level 3 spell: Volatile Blastmotes
   259 | D        | Found a shimmering blue altar of Sif Muna.
   260 | D        | Found an ornate altar of the Wu Jian Council.
   261 | D        | Found a radiant altar of Vehumet.
   265 | D        | Became a worshipper of Sif Muna the Loreminder
   306 | D        | Found Akhlot's Armour Emporium.
   306 | D        | Found an ancient bone altar of Kikubaaqudgha.
   306 | D        | Found a hazy altar of Hepliaklqana.
   306 | D        | Found a stormy altar of Qazlal.
   306 | D        | Found a hide-covered altar of Uskayaw.
   306 | D        | Found a blossoming altar of Fedhas.
   306 | D        | Found a bloodstained altar of Trog.
   306 | D        | Found an iron altar of Okawaru.
   306 | D        | Found a basalt altar of Yredelemnul.
   306 | D        | Found a glowing golden altar of the Shining One.
   306 | D        | Found a snail-covered altar of Cheibriados.
   306 | D        | Found a sacrificial altar of Ru.
   306 | D        | Found a glowing silver altar of Zin.
   306 | D        | Found a shadowy altar of Dithmenos.
   306 | D        | Found a white marble altar of Elyvilon.
   306 | D        | Noticed a yak
   310 | D        | Killed a yak
   311 | D        | Reached skill level 5 in Dodging
   311 | D        | Reached skill level 10 in Fire Magic
   311 | D        | Found an opulent altar of Gozag.
   312 | D        | Found a sparkling altar of Nemelex Xobeh.
   379 | D        | Found a burning altar of Makhleb.
   379 | D        | Found a viscous altar of Jiyva.
   379 | D        | Found a shimmering altar of Xom.
   379 | D        | Found a corrupted altar of Lugonu.
   379 | D        | Noticed a slime creature
   388 | D        | Killed a slime creature
   388 | D        | Reached * piety under Sif Muna
   389 | D        | Reached XP level 7. HP: 29/43 MP: 7/18
   495 | D        | Noticed Sonja
   497 | D        | Killed Sonja
   498 | D        | Reached XP level 8. HP: 50/50 MP: 7/21
   627 | D        | Found Afyeriv's Armour Boutique.
   647 | D        | Noticed a deep troll
   657 | D        | Killed a deep troll
   658 | D        | Reached skill level 1 in Throwing
   658 | D        | Reached XP level 9. HP: 54/54 MP: 12/24
   671 | D        | Found Ycaoleth's Armour Emporium.
   748 | D        | Noticed a kobold demonologist
   751 | D        | Noticed a kobold demonologist
   753 | D        | Killed a kobold demonologist
   753 | D        | Reached ** piety under Sif Muna
   753 | D        | Killed a kobold demonologist
   847 | D        | Noticed a shining eye
   847 | D        | Noticed a shining eye
   847 | D        | Noticed a shining eye
   851 | D        | Noticed a shining eye
   856 | D        | Paralysed by a floating eye for 3 turns
   859 | D        | Reached *** piety under Sif Muna
   859 | D        | Killed a shining eye
   860 | D        | Reached skill level 15 in Fire Magic
   921 | D        | Noticed a shining eye
   968 | D        | Noticed a centaur warrior
   980 | D        | Killed a centaur warrior
   980 | D        | Noticed a centaur warrior
   981 | D        | Reached skill level 1 in Hexes
   981 | D        | Reached XP level 10. HP: 46/60 MP: 19/27
   985 | D        | Killed a centaur warrior
  1106 | D        | Paralysed by a hornet for 3 turns
  1107 | D        | Reached **** piety under Sif Muna
  1200 | D        | Noticed an oklob plant
  1207 | D        | Killed an oklob plant
  1308 | D        | Reached ***** piety under Sif Muna
  1310 | D        | Received a gift from Sif Muna
  1323 | D        | Learned a level 5 spell: Fireball
  1329 | D        | Learned a level 5 spell: Iskenderun's Battlesphere
  1343 | D        | Received a gift from Sif Muna
  1350 | D        | Reached skill level 15 in Spellcasting
  1520 | D        | Got Sif Muna's Almanac of Lofty Generation {god gift}
  1546 | D        | Found Xujukk's Book Shoppe.
  1546 | D        | Found Leicahas's Antique Weapon Shop.
  1546 | D        | Found Mibb's Antique Weapon Boutique.
  1548 | D        | Found Ripatema's General Store.
  1548 | D        | Found Mudwyim's Magic Scroll Shop.
  1548 | D        | Found Zoracloc's Jewellery Shoppe.
  1548 | D        | Found Onish's General Store.
  1548 | D        | Found Ficw's Assorted Antiques.
  1548 | D        | Found Viggova's General Store.
  1548 | D        | Found Ukhlacle's Book Shoppe.
  1558 | D        | Learned a level 6 spell: Plasma Beam
  1562 | D        | Learned a level 3 spell: Swiftness
  1562 | D        | Found Enuusk's Jewellery Boutique.
  1565 | D        | Found Zothus's Weapon Emporium.
  1565 | D        | Found Noijeext's Distillery.
  1566 | D        | Found Hethitia's Weapon Emporium.
  1576 | D        | Bought a potion of lignification for 30 gold pieces
  1583 | D        | Bought the ring "Giyrpha" {rC+ rN+ Str+2} for 382 gold
                  | pieces
  1595 | D        | Bought a book of Spatial Translocations for 180 gold pieces
  1605 | D        | Learned a level 2 spell: Blink
  1605 | D        | Bought the Thoughts on the Enchanting Lungs for 260 gold
                  | pieces
  1609 | D        | Learned a level 3 spell: Summon Guardian Golem
  1612 | D        | Bought a potion of heal wounds for 50 gold pieces
  1657 | D        | Killed an unseen horror
  1658 | D        | Reached skill level 1 in Air Magic
  1658 | D        | Reached skill level 1 in Invocations
  1676 | D        | Killed an unseen horror
  1677 | D        | Reached skill level 5 in Conjurations
  1677 | D        | Reached skill level 1 in Summonings
  1791 | D        | Killed a shining eye
  1792 | D        | Reached XP level 11. HP: 65/65 MP: 17/30
  1798 | D        | Noticed a shining eye
  1798 | D        | Gained mutation: Your spells are a little easier to cast,
                  | but a little less powerful. [a shining eye]
  1799 | D        | Paralysed by a floating eye for 2 turns
  1805 | D        | Killed a shining eye
  1805 | D        | Received a gift from Sif Muna
  1808 | D        | Killed a shining eye
  1811 | D        | Killed a shining eye
  1813 | D        | Got Sif Muna's Parchment of the Shifting Panacea {god gift}
  1813 | D        | Noticed a shining eye
  1951 | D        | Gained mutation: You have hidden genetic defects. [a
                  | shining eye]
  1955 | D        | Killed a shining eye
  1972 | D        | Killed a shining eye
  1986 | D        | Noticed a shining eye
  1999 | D        | Killed a shining eye
  2008 | D        | Found Jot Yng's Armour Shoppe.
  2008 | D        | Found Ureust's General Store.
  2008 | D        | Found Oxiry's Distillery.
  2008 | D        | Found Nehoosim's Armour Boutique.
  2171 | D        | Learned a level 3 spell: Mephitic Cloud
  2179 | D        | Noticed a demonic crawler
  2179 | D        | Noticed a demonic crawler
  2179 | D        | Noticed a demonic crawler
  2179 | D        | Noticed a demonic crawler
  2184 | D        | Killed a demonic crawler
  2184 | D        | Killed a demonic crawler
  2184 | D        | Reached ****** piety under Sif Muna
  2184 | D        | Killed a demonic crawler
  2184 | D        | Received a gift from Sif Muna
  2185 | D        | Reached skill level 5 in Air Magic
  2185 | D        | Reached skill level 5 in Invocations
  2185 | D        | Killed a demonic crawler
  2186 | D        | Reached skill level 5 in Summonings
  2186 | D        | Got Toyst's Parchment of Incandescence and the Plateau {god
                  | gift}
  2196 | D        | Gained mutation: You are vulnerable to heat. (rF-) [hidden
                  | defects]
  2314 | D        | Noticed a lindwurm
  2314 | D        | Killed a lindwurm
  2345 | D        | Received a gift from Sif Muna
  2349 | D        | Reached XP level 12. HP: 69/72 MP: 8/32
  2366 | D        | Gained mutation: You are dopey. (Int -2) [hidden defects]
  2366 | D        | Lost mutation: You have hidden genetic defects. [hidden
                  | defects expressed]
  2551 | D        | Got Uhittuw's Spellbook of the Spatial Syncline {god gift}
  2557 | D        | Learned a level 4 spell: Iskenderun's Mystic Blast
  2566 | D        | Noticed a 12-headed hydra
  2567 | D        | Paralysed by a floating eye for 4 turns
  2612 | D        | Killed a 12-headed hydra
  2612 | D        | Received a gift from Sif Muna
  2615 | D        | Got Sif Muna's Volume of Conflagration and Conflict {god
                  | gift}
  2711 | D        | Learned a level 3 spell: Hailstorm
  2801 | D        | Noticed a deep elf annihilator
  2846 | D        | Reached skill level 1 in Translocations
  2987 | D        | Received a gift from Sif Muna
  2988 | D        | Got Uposil's Atlas of Bombardment {god gift}
  2995 | D        | Learned a level 5 spell: Summon Forest
  3003 | D        | Killed a deep elf annihilator
  3140 | D        | Noticed a mummy priest
  3145 | D        | Killed a mummy priest
  3336 | D        | Noticed the 27-headed Lernaean hydra
  3339 | D        | Killed the 27-headed Lernaean hydra
  3477 | D        | Noticed a deep elf master archer
  3480 | D        | Found the +7 captain's cutlass {speed, disarm}
  3481 | D        | Killed a deep elf master archer
  3678 | D        | Noticed Lom Lobon
  3802 | D        | Bought a ring of poison resistance for 240 gold pieces
  3802 | D        | Bought a +6 ring of intelligence for 432 gold pieces
  3807 | D        | Bought a glowing iron wand for 80 gold pieces
  3809 | D        | Bought a +6 ring of intelligence for 360 gold pieces
  3809 | D        | Bought a ring of willpower for 250 gold pieces
  3809 | D        | Bought a ring of wizardry for 300 gold pieces
  3809 | D        | Bought a ring of magical power for 200 gold pieces
  3825 | D        | Learned a level 7 spell: Orb of Destruction
  3847 | D        | Bought a potion of cancellation for 80 gold pieces
  3847 | D        | Bought a potion of haste for 100 gold pieces
  3847 | D        | Bought a potion of heal wounds for 50 gold pieces
  3847 | D        | Bought a potion of heal wounds for 50 gold pieces
  3847 | D        | Bought a potion of resistance for 100 gold pieces
  3993 | D        | Killed a lorocyproca
  3994 | D        | Reached skill level 10 in Conjurations
  4122 | D        | Reached skill level 10 in Invocations
  4277 | D        | Noticed a shadow dragon
  4277 | D        | Noticed a golden dragon
  4284 | D        | Found Amuclatuss's Assorted Antiques.
  4289 | D        | Bought a shimmering falchion for 160 gold pieces
  4289 | D        | Identified the +8 falchion of Magnificence {venom, rCorr
                  | Int+2} (You bought it in a shop in the Dungeon)
  4465 | D        | Noticed a daeva
  4477 | D        | Received a gift from Sif Muna
  4478 | D        | Reached XP level 13. HP: 57/77 MP: 29/34
  4598 | D        | Got Sif Muna's Opusculum on Generative Coordinates {god
                  | gift}
  4620 | D        | Killed a daeva
  4796 | D        | Bought a potion of resistance for 140 gold pieces
  4796 | D        | Bought a wand of quicksilver (4) for 235 gold pieces
  4808 | D        | Bought a potion of experience for 700 gold pieces
  4808 | D        | Bought a potion of haste for 140 gold pieces
  4808 | D        | Bought a potion of haste for 140 gold pieces
  4808 | D        | Bought 2 potions of heal wounds for 140 gold pieces
  4809 | D        | Reached XP level 14. HP: 83/83 MP: 35/35
  4873 | D        | Noticed a fire giant
  4880 | D        | Killed a fire giant
  4880 | D        | Noticed a fire giant
  4954 | D        | Noticed a fire giant
  4975 | D        | Killed a fire giant
  5176 | D        | Killed a fire giant
  5176 | D        | Received a gift from Sif Muna
  5177 | D        | Got Sif Muna's Quarto of Reshaped Frost {god gift}
  5178 | D        | Noticed a fire giant
  5182 | D        | Killed a fire giant
  5327 | D        | Found the +4 dragonskin cloak
  5327 | D        | Noticed Tiamat
  5620 | D        | Killed Tiamat
  5865 | D        | Identified the +8 long sword of Patoot {protect, rC+ rCorr
                  | SInv}
  6063 | D        | Got the Catalogue of the Barrage
  6282 | D        | Killed a golden dragon
  6283 | D        | Reached skill level 1 in Ice Magic
  6724 | D        | Got the Orb of Zot
  6744 | D        | Received a gift from Sif Muna
  6745 | D        | Got Sif Muna's Folio of Transportation and Putridity {god
                  | gift}
  6769 | D        | Noticed Attasa the pandemonium lord
  6775 | D        | Noticed a Tzitzimitl
  6781 | D        | HP: 5/117 [Tzitzimitl/bolt of negative energy[Attasa] (20)]
  6785 | D        | Killed a Tzitzimitl
  6791 | D        | Engulfed by a cloud of flame

Illustrated notes

Levels and vault maps discovered:
D:        dungeon_sprint_1 [red_sonja_temple_1, red_sonja_temple_small_1]

Skill      XL: |  1  2  3  4  5  6  7  8  9 10 11 12 13 14 |
---------------+-------------------------------------------+-----
Stealth        | 3 4 5 6 |  6.8
Spellcasting   | 3 4 6 8 9 11 13 15 16 17 18 | 18.5
Fire Magic     | 5 7 9 11 12 13 15 16 18 | 18.9
Dodging        | 3 4 5 |  5.9
Fighting       | 1 2 3 |  3.0
Conjurations   | 2 3 5 7 10 11 13 | 13.6
Throwing       | 1 2 |  2.9
Hexes          | 1 2 3 |  3.0
Air Magic      | 2 5 8 |  8.5
Invocations    | 2 6 10 12 17 | 17.1
Summonings     | 2 5 8 |  8.6
Translocations | 1 |  1.2
Shields        | 4 |  4.9
Ice Magic      | 1 |  1.9
Staves         | |  0.3

Action                     |  1- 3 |  4- 6 |  7- 9 | 10-12 | 13-15 || total
---------------------------+-------+-------+-------+-------+-------++-------
  Melee: Tentacles         |     2 |       |       |     2 |       ||     4
         Unarmed           |     2 |       |       |       |       ||     2
         Staff             |       |       |       |    13 |       ||    13
         Constrict         |       |       |       |     4 |       ||     4
  Throw: Dart              |       |       |     4 |     3 |     1 ||     8
   Cast: Foxfire           |     4 |     2 |    15 |    48 |       ||    69
         Scorch            |     2 |    13 |    13 |    50 |    19 ||    97
         Flame Wave        |       |       |     1 |     6 |       ||     7
         Inner Flame       |       |       |     3 |     4 |       ||     7
         Summon Guardian G |       |       |       |     7 |       ||     7
         Iskenderun's Batt |       |       |       |     4 |       ||     4
         Plasma Beam       |       |       |       |    36 |    17 ||    53
         Swiftness         |       |       |       |     1 |       ||     1
         Fireball          |       |       |       |     5 |       ||     5
         Iskenderun's Myst |       |       |       |     4 |    23 ||    27
         Mephitic Cloud    |       |       |       |     3 |     7 ||    10
         Summon Forest     |       |       |       |     3 |     5 ||     8
         Blink             |       |       |       |     3 |     4 ||     7
         Orb of Destructio |       |       |       |     2 |     6 ||     8
         Hailstorm         |       |       |       |     1 |    62 ||    63
         Fire Storm        |       |       |       |       |     1 ||     1
 Invoke: Channel Magic     |       |       |       |     1 |     4 ||     5
         Forget Spell      |       |       |       |     4 |       ||     4
         Divine Exegesis   |       |       |       |       |     1 ||     1
  Evoke: Wand              |       |       |       |       |     3 ||     3
    Use: Potion            |     2 |       |       |     4 |    14 ||    20
         Scroll            |       |       |       |     3 |     2 ||     5
 Armour: Skin              |       |       |       |     6 |    10 ||    16
  Dodge: Dodged            |       |     2 |       |    26 |     4 ||    32

Table legend: (Time is in decaauts)
 A = Elapsed time spent in this place.
 B = Non-inter-level travel time spent in this place.
 C = Inter-level travel time spent in this place.
 D = Time resting spent in this place.
 E = Time spent auto-exploring this place.
 F = Levels seen in this place.
 G = Mean time per level.
                   A        B        C        D        E       F      G
               +--------+--------+--------+--------+--------+-----+--------+
         Total |   6775 |   6658 |    117 |   3408 |      0 |   1 | 6775.0 |
       Dungeon |   6775 |   6658 |    117 |   3408 |      0 |   1 | 6775.0 |
               +--------+--------+--------+--------+--------+-----+--------+

Top non-repeatable levels by time:
       D: 6775 daAuts
